 Dungeon Crawl Stone Soup version 0.30.1-4-g462c640d31 (webtiles) character file.

Game seed: 16698428758955455885

1122 GimliDwarf the Shield-Bearer (level 8, -5/58 HPs)
             Began as a Gnoll Wanderer on Aug 15, 2023.
             Was a Follower of Qazlal.
             Killed from afar by a steam dragon (19 damage)
             ... with a ball of steam
             ... on level 5 of the Dungeon.
             The game lasted 00:13:49 (4650 turns).

GimliDwarf the Shield-Bearer (Gnoll Wanderer)       Turns: 4650, Time: 00:13:51

Health: -5/58      AC:  2    Str: 10      XL:     8   Next: 35%
Magic:  14/14      EV: 10    Int: 11      God:    Qazlal [*.....]
Gold:   159        SH: 18    Dex: 12 (16) Spells: 14/15 levels left

rFire   . . .        a - +1 spear (venom)
rCold   + . .        t - +2 kite shield
rNeg    + . .        u - +0 robe {rN+}
rPois   .            (no helmet)
rElec   .            (no cloak)
rCorr   .            (no gloves)
SInv    .            (no boots)
Will    .....        q - amulet of reflection
Stlth   ++           i - ring of protection from cold
HPRegen 0.29/turn    (no ring)
MPRegen 0.14/turn

%: reflection
@: no status effects
A: fangs 1, strong nose, distributed training
a: Renounce Religion


You were on level 5 of the Dungeon.
You worshipped Qazlal.
Qazlal was aware of your devotion.
You visited 2 branches of the dungeon, and saw 6 of its levels.

You collected 187 gold pieces.
You spent 28 gold pieces at shops.

Inventory:

Hand Weapons
 a - a +1 spear of venom (weapon)
 h - a +3 short sword
Missiles
 c - 10 boomerangs
Armour
 t - a +2 kite shield (worn)
 u - a +0 robe of positive energy (worn)
Jewellery
 i - a ring of protection from cold (left hand)
 q - an amulet of reflection (around neck)
Wands
 b - a wand of iceblast (7)
 m - a wand of charming (1)
Scrolls
 e - a scroll of identify
 l - a scroll of fog
Potions
 f - a potion of brilliance
 g - a potion of curing {unknown}
 p - 3 potions of ambrosia
 r - a potion of might


   Skills:
 + Level 3.3 Fighting
 + Level 3.3 Short Blades
 + Level 3.3 Long Blades
 + Level 3.3 Axes
 + Level 3.3 Maces & Flails
 + Level 5.7 Polearms
 + Level 3.3 Staves
 + Level 3.3 Ranged Weapons
 + Level 4.2 Throwing
 + Level 3.3 Armour
 + Level 3.3 Dodging
 + Level 4.1 Stealth
 + Level 5.7 Shields
 + Level 3.3 Unarmed Combat
 + Level 4.4 Spellcasting
 + Level 2.7 Conjurations
 + Level 2.7 Hexes
 + Level 2.7 Summonings
 + Level 2.7 Necromancy
 + Level 4.7 Translocations
 + Level 2.7 Transmutations
 + Level 2.7 Fire Magic
 + Level 2.7 Ice Magic
 + Level 2.7 Air Magic
 + Level 2.7 Earth Magic
 + Level 2.7 Poison Magic
 + Level 3.6 Invocations
 + Level 4.2 Evocations


You had 14 spell levels left.
You knew the following spells:

 Your Spells              Type           Power      Damage    Failure   Level
a - Apportation           Tloc           24%        N/A       12%         1

Your spell library contained the following spells:

 Spells                   Type           Power      Damage    Failure   Level
 Lesser Beckoning         Tloc           24%        N/A       19%         2
 Gell's Gravitas          Tloc           12%        N/A       36%         3
 Teleport Other           Tloc           12%        N/A       36%         3
 Ignite Poison            Fire/Tmut/Pois 8%         N/A       65%         3
 Iskenderun's Mystic Bla  Conj/Tloc      10%        2d4       88%         4
 Sticky Flame             Conj/Fire      8%         2d3       96%         4
 Dispersal                Tloc           6%         N/A       100%        6
 Ignition                 Fire           4%         3d4       100%        8


Dungeon Overview and Level Annotations

Branches:
Dungeon (5/15)             Temple (1/1) D:4

Altars:
Ashenzari
Dithmenos
Elyvilon
Gozag
Hepliaklqana
Kikubaaqudgha
Makhleb
Nemelex Xobeh
Okawaru
Qazlal
Trog
Uskayaw
Vehumet
Xom
Yredelemnul
Zin

Shops:
D:2 ?(:(:


Innate Abilities, Weirdness & Mutations

You have very sharp teeth.
Your uncanny sense of smell can sniff out nearby items.
Your experience applies equally to all skills.


Message History

The steam dragon bites you! You block the steam dragon's attack.
You hit the steam dragon but do no damage.
The steam dragon looks even sicker.
The steam dragon is lightly wounded.
You block the steam dragon's attack. x2
Found a scroll of identify.
The steam dragon breathes steam at you. The ball of steam hits you!!
You barely miss the steam dragon.
You bite the steam dragon, but do no damage.
The steam dragon is lightly wounded.
You block the steam dragon's attack. The steam dragon barely misses you.
The steam dragon bites you. The steam dragon barely misses you.
There is an escape hatch in the ceiling, spattered with blood here.
You hit the steam dragon.
The steam dragon looks as sick as possible!
The steam dragon is heavily wounded.
You block the steam dragon's attack. x2
You hit the steam dragon but do no damage.
Your bite misses the steam dragon.
The steam dragon is heavily wounded.
The steam dragon bites you but does no damage.
You block the steam dragon's attack.
You hit the steam dragon but do no damage.
Your bite misses the steam dragon.
The steam dragon is severely wounded.
The orc is engulfed in a cloud of scalding steam.
The orc dies!
You block the steam dragon's attack. x2
You hit the steam dragon but do no damage.
The steam dragon is severely wounded.
You block the steam dragon's attack. The steam dragon claws you.
* * * LOW HITPOINT WARNING * * *
You hit the steam dragon.
The steam dragon looks as sick as possible!
You bite the steam dragon, but do no damage.
The steam dragon is severely wounded.
The steam dragon breathes steam at you. The ball of steam hits you!!
You die...

*,*#..#*,*,,,,,,*####.
#,*#..#*,#,**,,,,,,.._
#.##..##.#.##.,,**###.
#.............,,,,,...
#.##..##...##.,,**####
#,*#..#*,..##,,,,,,,..
######.##.)##.)...,,,,***##
#...............##.,,,*
#.####.##.@.....#*,,,,*****
#.# #,*#D####..#*,,,,,,,,,
#.# *,....,,,,.#*,,,,*****
#.# *###.##**,,..,,,,* #.#
#.#***,,*#,,,,* ###.####
#..,,,,,**,,,,* #.....<#
#.?***,,**,,,,* ########
#..,,,,,,,,,,,*
**,****,**,*,,*


You could see a steam dragon (extremely poisoned, catching breath).

Vanquished Creatures
  Grinder (D:3)
  Sigmund (D:5)
  A water moccasin (D:5)
  Duvessa (D:3)
  A black bear (D:5)
  A scorpion (D:5)
  A hound (D:4)
  A jelly (D:4)
  A quasit (D:4)
  An orc priest (D:4)
  3 iguanas
  An orc wizard (D:5)
  4 adders
  A shadow imp (D:4)
  A dart slug (D:1)
  5 orcs
  7 endoplasms
  5 giant cockroaches
  8 goblins
  5 hobgoblins
  4 jackals
  3 quokkas (D:4)
  7 ball pythons
  7 bats
  4 frilled lizards (D:1)
  6 kobolds
  6 rats
87 creatures vanquished.

Vanquished Creatures (collateral kills)
  Dowan (D:4)
  A quasit (D:4)
  A shadow imp (D:4)
  A white imp (D:4)
  A goblin (D:3)
5 creatures vanquished.

Vanquished Creatures (others)
  An orc (D:5)
1 creature vanquished.

Grand Total: 93 creatures vanquished

Notes
Turn   | Place    | Note
-------+----------+-------------------------------------------
     0 | D:1      | GimliDwarf the Gnoll Wanderer began the quest for the Orb.
     0 | D:1      | GimliDwarf set off with the following items: a +0 spear, a
                  | +0 buckler, a potion of attraction, a +0 robe; and the
                  | following spell memorised: Apportation; and the following
                  | spells available to memorise: Lesser Beckoning,
                  | Iskenderun's Mystic Blast.
     0 | D:1      | Reached XP level 1. HP: 13/13 MP: 4/4
   164 | D:1      | Reached XP level 2. HP: 19/19 MP: 5/5
   496 | D:1      | Reached XP level 3. HP: 25/25 MP: 7/7
   847 | D:2      | Found Vitoel's Antique Weapon Boutique.
   995 | D:2      | Reached skill level 1 in Invocations
  1099 | D:2      | Reached skill level 1 in Fighting
  1099 | D:2      | Reached skill level 1 in Short Blades
  1099 | D:2      | Reached skill level 1 in Long Blades
  1099 | D:2      | Reached skill level 1 in Axes
  1099 | D:2      | Reached skill level 1 in Maces & Flails
  1099 | D:2      | Reached skill level 1 in Staves
  1099 | D:2      | Reached skill level 1 in Ranged Weapons
  1099 | D:2      | Reached skill level 1 in Armour
  1099 | D:2      | Reached skill level 1 in Dodging
  1099 | D:2      | Reached skill level 1 in Unarmed Combat
  1224 | D:2      | Found Puenk's Antique Weapon Shoppe.
  1251 | D:2      | Found Fecs's Book Shop.
  1360 | D:2      | Found a stormy altar of Qazlal.
  1373 | D:2      | Became a worshipper of Qazlal Stormbringer
  1440 | D:2      | Found Wotecw's Book Shoppe.
  1489 | D:2      | Reached XP level 4. HP: 29/32 MP: 8/8
  1639 | D:2      | Found Ighataen's Magic Scroll Shop.
  1643 | D:2      | Bought a scroll of identify for 28 gold pieces
  1837 | D:3      | Found a sparkling altar of Nemelex Xobeh.
  2080 | D:3      | Reached skill level 1 in Conjurations
  2080 | D:3      | Reached skill level 1 in Hexes
  2080 | D:3      | Reached skill level 1 in Summonings
  2080 | D:3      | Reached skill level 1 in Necromancy
  2080 | D:3      | Reached skill level 1 in Transmutations
  2080 | D:3      | Reached skill level 1 in Fire Magic
  2080 | D:3      | Reached skill level 1 in Ice Magic
  2080 | D:3      | Reached skill level 1 in Air Magic
  2080 | D:3      | Reached skill level 1 in Earth Magic
  2080 | D:3      | Reached skill level 1 in Poison Magic
  2227 | D:3      | Noticed Grinder
  2259 | D:3      | Paralysed by Grinder for 3 turns
  2275 | D:3      | Killed Grinder
  2276 | D:3      | Reached skill level 5 in Polearms
  2276 | D:3      | Reached skill level 5 in Shields
  2276 | D:3      | Reached XP level 5. HP: 15/38 MP: 8/10
  2276 | D:3      | Reached XP level 6. HP: 17/44 MP: 8/11
  2706 | D:4      | Noticed Duvessa
  2706 | D:4      | Noticed Dowan
  2712 | D:4      | Killed Dowan
  2748 | D:3      | Killed Duvessa
  2841 | D:4      | Reached XP level 7. HP: 40/50 MP: 12/12
  3097 | D:4      | Found a staircase to the Ecumenical Temple.
  3118 | Temple   | Entered the Ecumenical Temple
  3118 | Temple   | Found a transporter.
  3118 | Temple   | Found a transporter.
  3120 | Temple   | Found a transporter.
  3120 | Temple   | Found a transporter.
  3391 | D:4      | Reached * piety under Qazlal
  4006 | D:5      | Entered Level 5 of the Dungeon
  4369 | D:5      | Reached XP level 8. HP: 37/58 MP: 14/14
  4465 | D:5      | Found a broken altar of Ashenzari.
  4635 | D:5      | Noticed Sigmund
  4638 | D:5      | Killed Sigmund
  4650 | D:5      | Killed from afar by a steam dragon

Illustrated notes

Levels and vault maps discovered:
D:1:      amcnicky_arrival_abandoned_market, layout_basic
D:2:      layout_loops_corners, basic_altar, serial_shops, nicolae_shop_stone,
          shop, shop, nicolae_shop_window_shopping, shop, minmay_split_cup_small
D:3:      layout_loops_ring, mainiacjoe_overflow_concentric_impassable,
          uniq_grinder
D:4:      layout_basic, minmay_temple_entry_mini_moons, serial_demonic,
          serial_demonic_e, serial_demonic_e, serial_demonic_f,
          serial_demonic_g, uniq_duvessa
D:5:      layout_basic, mainiacjoe_overflow_alcove_3, ashenzari_altar_1,
          uniq_sigmund
Temple:   hellmonk_temple_divided_pantheon

Skill      XL: |  1  2  3  4  5  6  7  8 |
---------------+-------------------------+-----
Invocations    | 1 2 3 |  3.6
Fighting       | 1 2 3 |  3.3
Short Blades   | 1 2 3 |  3.3
Long Blades    | 1 2 3 |  3.3
Axes           | 1 2 3 |  3.3
Maces & Flails | 1 2 3 |  3.3
Staves         | 1 2 3 |  3.3
Ranged Weapons | 1 2 3 |  3.3
Armour         | 1 2 3 |  3.3
Dodging        | 1 2 3 |  3.3
Unarmed Combat | 1 2 3 |  3.3
Spellcasting   | 3 4 |  4.4
Conjurations   | 1 2 |  2.7
Hexes          | 1 2 |  2.7
Summonings     | 1 2 |  2.7
Necromancy     | 1 2 |  2.7
Transmutations | 1 2 |  2.7
Fire Magic     | 1 2 |  2.7
Ice Magic      | 1 2 |  2.7
Air Magic      | 1 2 |  2.7
Earth Magic    | 1 2 |  2.7
Poison Magic   | 1 2 |  2.7
Polearms       | 5 |  5.7
Throwing       | 3 4 |  4.2
Stealth        | 3 4 |  4.1
Shields        | 5 |  5.7
Translocations | 4 |  4.7
Evocations     | 3 4 |  4.2

Action                     |  1- 3 |  4- 6 |  7- 9 || total
---------------------------+-------+-------+-------++-------
  Melee: Spear             |   164 |    88 |   162 ||   414
         Bite              |    12 |    11 |    18 ||    41
  Evoke: Wand              |       |     6 |     4 ||    10
    Use: Scroll            |     5 |     4 |     9 ||    18
         Potion            |       |     1 |     2 ||     3
   Stab: Sleeping          |    10 |     4 |     4 ||    18
         Distracted        |       |     1 |     1 ||     2
         Paralysed         |       |     1 |       ||     1
         Invisible         |       |       |     3 ||     3
 Armour: Robe              |    22 |     2 |    24 ||    48
         Skin              |       |       |    19 ||    19
         Leather armour    |       |       |     2 ||     2
  Dodge: Dodged            |    65 |    23 |    57 ||   145
  Block: Buckler           |    36 |    19 |     4 ||    59
         Kite shield       |       |       |   156 ||   156
         Reflection        |       |       |     3 ||     3
